 Dungeon Crawl Stone Soup version 0.29.1-1-gd02db69 (webtiles) character file.

Game seed: 3951809671444471576

137 crazyjoe98 the Sneak (level 5, -6/31 HPs)
             Began as an Octopode Hedge Wizard on Dec 14, 2022.
             Mangled by da312102's ghost (9 damage)
             ... on level 3 of the Dungeon.
             The game lasted 00:02:58 (2792 turns).

crazyjoe98 the Sneak (Octopode Hedge Wizard)        Turns: 2792, Time: 00:02:59

Health: -6/31      AC:  5    Str:  9    XL:     5   Next: 20%
Magic:  10/10      EV: 13    Int: 16    God:
Gold:   136        SH:  0    Dex: 14    Spells: 10/11 levels left

rFire   . . .      SeeInvis .   a - +0 dagger
rCold   . . .      Faith    .   (no shield)
rNeg    . . .      Spirit   .   b - +0 hat
rPois   .          Reflect  .   (no amulet)
rElec   .          Harm     .   g - +4 ring of protection
rCorr   .          Rampage  .   (no ring)
Will    .....                   (no ring)
Stlth   +++.......              (no ring)
HPRegen 0.10/turn               (no ring)
MPRegen 0.12/turn               (no ring)
                                (no ring)
                                (no ring)

@: no status effects
A: almost no armour, amphibious, 8 rings, camouflage 1, gelatinous body 1,
(nimble swimmer 1), tentacles
a: no special abilities


You were on level 3 of the Dungeon.
You visited 1 branch of the dungeon, and saw 3 of its levels.

You collected 136 gold pieces.

Inventory:

Hand Weapons
 a - a +0 dagger (weapon)
Armour
 b - a +0 hat (worn)
Jewellery
 g - a +4 ring of protection (left tentacle)
 j - a ring of resist corrosion
Scrolls
 d - a scroll of immolation {unknown}
 e - 2 scrolls of poison {unknown}
 f - a scroll of fog {unknown}
 i - 2 scrolls of amnesia {unknown}
 k - 2 scrolls of brand weapon {unknown}
 n - a scroll of enchant weapon {unknown}
 o - a scroll of fear {unknown}
 p - a scroll of blinking {unknown}
 r - a scroll of teleportation {unknown}
 s - a scroll of magic mapping {unknown}
 t - a scroll of identify {unknown}
Potions
 c - a potion of magic
 h - a potion of berserk rage {unknown}
 l - 3 potions of heal wounds {unknown}
 m - 3 potions of curing {unknown}
 q - a potion of might {unknown}


   Skills:
 + Level 2.7 Dodging
 + Level 3.8 Stealth
 + Level 3.5 Spellcasting
 + Level 2.1 Conjurations
 + Level 2.0 Summonings
 + Level 2.2 Translocations


You had 10 spell levels left.
You knew the following spells:

 Your Spells              Type           Power      Damage    Failure   Level
a - Magic Dart            Conj           36%        1d4       8%          1

Your spell library contained the following spells:

 Spells                   Type           Power      Damage    Failure   Level
 Blink                    Tloc           18%        N/A       11%         2
 Call Imp                 Summ           9%         N/A       12%         2
 Slow                     Hex            8%         N/A       19%         1
 Poisonous Vapours        Pois/Air       4%         N/A       26%         2
 Conjure Flame            Conj/Fire      6%         6-21      34%         3
 Mephitic Cloud           Conj/Pois/Air  5%         N/A       38%         3
 Confusing Touch          Hex            2%         N/A       47%         3
 Tukima's Dance           Hex            2%         N/A       47%         3
 Vampiric Draining        Necr           2%         2d6       47%         3
 Passage of Golubria      Tloc           9%         N/A       58%         4
 Corpse Rot               Necr/Pois/Air  2%         N/A       87%         4
 Yara's Violent Unravell  Hex/Tmut       1%         3d3       99%         5


Dungeon Overview and Level Annotations

Branches:
Dungeon (3/15)

Altars:

Annotations:
D:3 da312102's ghost, amateur HuFi


Innate Abilities, Weirdness & Mutations

You cannot wear most types of armour.
You are amphibious.
You can wear up to eight rings at the same time.
Your skin changes colour to match your surroundings (Stealth+).
Your rubbery body absorbs attacks. (AC +1, EV +1)
((You are camouflaged when in or above water. (Stealth+)))
You have tentacles for arms and can constrict up to eight enemies at once.


Message History

You hit da312102's ghost but do no damage.
Da312102's ghost sneers, "Do you call that fighting?"
Da312102's ghost barely misses you.
You hit da312102's ghost but do no damage.
Da312102's ghost hits you. Da312102's ghost hits you!
You hit da312102's ghost but do no damage.
Da312102's ghost closely misses you.
You hit da312102's ghost but do no damage.
Da312102's ghost barely misses you.
You hit da312102's ghost but do no damage.
Da312102's ghost closely misses you.
You hit da312102's ghost but do no damage.
Da312102's ghost hits you but does no damage.
You hit da312102's ghost but do no damage.
Da312102's ghost hits you but does no damage.
You hit da312102's ghost.
You squeeze da312102's ghost, but do no damage.
Da312102's ghost is lightly damaged.
Da312102's ghost hits you!
* * * LOW HITPOINT WARNING * * *
You hit da312102's ghost but do no damage.
Da312102's ghost is lightly damaged.
Da312102's ghost grins evilly.
Da312102's ghost completely misses you.
You hit da312102's ghost but do no damage.
Da312102's ghost is lightly damaged.
Da312102's ghost hits you but does no damage.
You barely miss da312102's ghost.
You squeeze da312102's ghost, but do no damage.
Da312102's ghost is lightly damaged.
Da312102's ghost barely misses you.
You hit da312102's ghost but do no damage.
Da312102's ghost is lightly damaged.
Da312102's ghost hits you.
* * * LOW HITPOINT WARNING * * *
You hit da312102's ghost but do no damage.
You squeeze da312102's ghost, but do no damage.
Da312102's ghost hits you!
You die...

#....##....## ##..#.###.(.......#
#....##...## ##...........#.#..
#.#####.#.# #..........##..##
#.#####.#.## ##..##.##.#.###.#
#.......##.## ##.[.......#.# #.#
####.##.###.###[.####.####.# #.#
#.##.# ##..).....#.# #.###.#
#.##.# ############ #.#.#.##
#.##.# ##..#@....# #.......
#.##.####...'~W~~)#####.#.#..#
#...........#.....#..........#
####.#########################...
#.................#.# #..#
#.##.(............#.# #..# #.
###########.####.# #..# #.
#.####.# #..# #. #......# #...


You could see da312102's ghost.

Vanquished Creatures
  An orc priest (D:3)
  An orc wizard (D:3)
  4 adders
  7 orcs
  5 ball pythons
  3 bats
  2 endoplasms (D:2)
  2 giant cockroaches (D:3)
  2 goblins (D:2)
  4 hobgoblins
  A quokka (D:3)
  2 frilled lizards (D:2)
  5 kobolds (D:2)
  2 rats (D:1)
41 creatures vanquished.

Notes
Turn   | Place    | Note
-------+----------+-------------------------------------------
     0 | D:1      | crazyjoe98 the Octopode Hedge Wizard began the quest for
                  | the Orb.
     0 | D:1      | Reached XP level 1. HP: 11/11 MP: 4/4
   271 | D:1      | You fall into a shaft and drop 1 floor!
   391 | D:2      | Reached XP level 2. HP: 15/17 MP: 1/6
   694 | D:2      | Found a faded altar of an unknown god.
   812 | D:2      | Reached XP level 3. HP: 21/21 MP: 0/7
  2127 | D:3      | Reached XP level 4. HP: 24/27 MP: 8/8
  2368 | D:3      | Reached XP level 5. HP: 10/31 MP: 10/10
  2747 | D:3      | Found a runed translucent door.
  2772 | D:3      | Noticed da312102's ghost (amateur HuFi)
  2792 | D:3      | Mangled by da312102's ghost

Illustrated notes

Levels and vault maps discovered:
D:1:      sevenhm_arrival_forest_fort_large_2, layout_loops_cross, serial_shops,
          nicolae_shop_statue_plus
D:2:      layout_loops_ring, basic_ecumenical_altar, dk_noncrumbling_3
D:3:      layout_loops_ring, ebering_ghost_reflecting_pool

Skill      XL: |  1  2  3  4 |
---------------+-------------+-----
Stealth        | 3 |  3.8
Translocations | 2 |  2.2
Conjurations   | 2 |  2.1
Summonings     | 2 |  2.0
Dodging        | |  2.7
Spellcasting   | |  3.5

Action                   |  1- 3 |  4- 6 || total
-------------------------+-------+-------++-------
Melee: Dagger            |    39 |    44 ||    83
       Constrict         |     9 |     7 ||    16
       Punch             |     1 |       ||     1
       Tentacles         |     8 |    10 ||    18
 Cast: Magic Dart        |    58 |     5 ||    63
 Stab: Sleeping          |     3 |       ||     3
Armor: Skin              |     4 |     5 ||     9
Dodge: Dodged            |    33 |    18 ||    51
